 Dungeon Crawl Stone Soup version 0.28.0-53-g5a82cb258f (webtiles) character file.

Game seed: 6624290404043043422

196 Tsarbomb the Chopper (level 5, 0/45 HPs)
             Began as a Minotaur Berserker on Aug 21, 2022.
             Was a Believer of Trog.
             Killed from afar by an orc wizard (13 damage)
             ... with a puff of flame
             ... on level 4 of the Dungeon.
             The game lasted 00:05:47 (2682 turns).

Tsarbomb the Chopper (Minotaur Berserker)           Turns: 2682, Time: 00:05:47

Health: 0/45       AC:  8    Str: 24    XL:     5   Next: 45%
Magic:  4/4        EV:  8    Int:  4    God:    Trog [**....]
Gold:   87         SH:  0    Dex:  9    Spells: 4/4 levels left

rFire   . . .      SeeInvis .   c - +0 whip (elec)
rCold   . . .      Faith    .   (no shield)
rNeg    . . .      Spirit   .   j - +0 chain mail
rPois   .          Reflect  .   (helmet restricted)
rElec   .          Harm     .   (no cloak)
rCorr   .          Rampage  .   (no gloves)
Will    ++...                   (no boots)
Stlth   ..........              (no amulet)
HPRegen 1.15/turn               (no ring)
MPRegen 0.09/turn               (no ring)

@: lethally poisoned (0 -> -15), strong-willed (expiring), on berserk cooldown,
regenerating (expiring), slowed, very slow
A: horns 2, retaliatory headbutt
a: Renounce Religion, Berserk, Trog's Hand


You were on level 4 of the Dungeon.
You worshipped Trog.
Trog was pleased with you.
You visited 1 branch of the dungeon, and saw 4 of its levels.

You collected 87 gold pieces.

Inventory:

Hand Weapons
 a - a +0 hand axe
 c - a +0 whip of electrocution (weapon)
Missiles
 d - 124 stones (quivered)
Armour
 j - a +0 chain mail (worn)
Jewellery
 i - a ring of fire
Scrolls
 b - a scroll of teleportation {unknown}
 f - a scroll of torment {unknown}
 h - a scroll of immolation {unknown}
 k - a scroll of magic mapping {unknown}
Potions
 e - a potion of mutation {unknown}
 g - 3 potions of ambrosia {unknown}


   Skills:
 - Level 3.6 Fighting
 + Level 7.5 Axes
 - Level 2.4 Armour
 - Level 2.1 Dodging


You had 4 spell levels left.
You didn't know any spells.
Your spell library was empty.

Dungeon Overview and Level Annotations

Branches:
Dungeon (4/15)
 Temple: D:4-7

Altars:

Annotations:
D:2 1 runed translucent door, exclusion: 2 downstairs, Crazy Yiuf
D:3 Sigmund


Innate Abilities, Weirdness & Mutations

You have a pair of horns on your head.
You reflexively headbutt those who attack you in melee.


Message History

You feel very sick.
The orc wizard gestures at you while chanting.
The magic dart hits you.
You barely miss the orc wizard.
The orc wizard is lightly wounded.
You feel sick.
You completely miss the orc wizard.
The orc wizard is lightly wounded.
You feel sick.
The orc wizard hits you but does no damage.
You are more poisoned.
You hit the orc wizard.
The orc wizard is moderately wounded.
You feel very sick.
The orc wizard hits you but does no damage.
You are more poisoned.
You barely miss the orc wizard. Your headbutt misses the orc wizard.
The orc wizard is moderately wounded.
You feel very sick.
You hit the orc wizard.
The orc wizard is moderately wounded.
You feel very sick.
The orc wizard hits you with a +1 dagger of venom.
You are more poisoned.
You closely miss the orc wizard.
The orc wizard is moderately wounded.
You are no longer berserk.
You are exhausted.
You feel yourself slow down.
You feel the effects of Trog's Hand fading.
You feel very sick.
You hit the orc wizard.
The orc wizard is heavily wounded.
* * * LOW HITPOINT WARNING * * *
You feel extremely sick.
The orc wizard hits you but does no damage.
You are lethally poisoned!
The orc wizard casts a spell at you. The puff of flame hits you!
You die...

..#.##.......##...##.#
..#..#.......##......#
......###.#####......#
......# #.# #......#
......# #.# #......#
......# #.# ##.....#
......# #.#### #.....#
......# #....# #.#####
.......##....###@#
##.#............o#
.#.#.##....##### .#
#..#....# #....#
#.............o
#.......##.....
........#


oo.. ##......# o.. You could see an orc wizard.

Vanquished Creatures
  A centaur zombie (D:4)
  A bullfrog skeleton (D:4)
  An orc wizard (D:4)
  3 gnolls
  4 adders
  2 worms
  An orc (D:4)
  4 ball pythons
  7 bats
  3 endoplasms
  2 giant cockroaches
  2 goblins (D:1)
  3 hobgoblins
  2 quokkas
  6 kobolds
  3 rats (D:1)
45 creatures vanquished.

Notes
Turn   | Place    | Note
-------+----------+-------------------------------------------
     0 | D:1      | Tsarbomb the Minotaur Berserker began the quest for the
                  | Orb.
     0 | D:1      | Reached XP level 1. HP: 19/19 MP: 0/0
   190 | D:1      | Reached skill level 4 in Axes
   391 | D:1      | Reached XP level 2. HP: 25/26 MP: 1/1
  1087 | D:2      | Reached skill level 5 in Axes
  1087 | D:2      | Reached XP level 3. HP: 30/31 MP: 2/2
  1294 | D:2      | Found a runed translucent door.
  1295 | D:2      | Noticed Crazy Yiuf
  1747 | D:2      | Reached skill level 6 in Axes
  1747 | D:2      | Reached XP level 4. HP: 36/39 MP: 3/3
  2127 | D:3      | Reached ** piety under Trog
  2436 | D:3      | Noticed Sigmund
  2598 | D:4      | Reached XP level 5. HP: 45/45 MP: 4/4
  2603 | D:4      | Reached skill level 7 in Axes
  2682 | D:4      | Killed from afar by an orc wizard

Illustrated notes

Levels and vault maps discovered:
D:1:      lemuel_arrival_muddy, layout_basic, kennysheep_small_spiral,
          minmay_misc_feat_rows
D:2:      layout_basic, uniq_crazy_yiuf_cottage
D:3:      layout_basic, uniq_sigmund
D:4:      layout_basic

Skill      XL: |  1  2  3  4  5 |
---------------+----------------+-----
Axes           | 4 5 6 7 |  7.5
Fighting       | |  3.6
Armour         | |  2.4
Dodging        | |  2.1

Action                   |  1- 3 |  4- 6 || total
-------------------------+-------+-------++-------
Melee: Hand axe          |    43 |       ||    43
       Headbutt          |     6 |     7 ||    13
       Whip              |    18 |    60 ||    78
       Punch             |       |     2 ||     2
Invok: Berserk           |       |     1 ||     1
       Trog's Hand       |       |     1 ||     1
Armor: Ring mail         |    11 |       ||    11
       Animal skin       |     1 |       ||     1
       Chain mail        |     7 |    33 ||    40
Dodge: Dodged            |    35 |    26 ||    61
